 Dungeon Crawl Stone Soup version 0.29-a0-72-g1732ff48e7 (webtiles) character file.

Game seed: 13016814508403510595

20 HallandMoats the Skirmisher (level 2, 19/26 HPs)
             Began as a Ghoul Monk on Feb 4, 2022.
             Was a Believer of Vehumet.
             Safely got out of the dungeon.
             The game lasted 00:01:18 (448 turns).

HallandMoats the Skirmisher (Ghoul Monk)             Turns: 448, Time: 00:01:18

Health: 19/26      AC:  5    Str: 14    XL:     2   Next: 79%
Magic:  1/1        EV: 11    Int:  5    God:    Vehumet [**....]
Gold:   119        SH:  0    Dex: 11    Spells: 1/1 levels left

rFire   . . .      SeeInvis .     - Unarmed
rCold   + . .      Faith    .   (no shield)
rNeg    + + +      Spirit   .   b - +0 ring mail
rPois   ∞          Reflect  .   (no helmet)
rElec   .          Harm     .   (no cloak)
rCorr   .          Rampage  .   (no gloves)
Will    .....                   (no boots)
Stlth   +.........              (no amulet)
HPRegen 0.08/turn               (no ring)
MPRegen 0.07/turn               (no ring)

@: no status effects
A: claws 1, cold resistance 1, negative energy resistance 3, inhibited
regeneration, torment resistance 2
a: Renounce Religion


You escaped.
You worshipped Vehumet.
Vehumet was pleased with you.
You visited 1 branch of the dungeon, and saw 1 of its levels.

You collected 119 gold pieces.

Inventory:

Armour
 b - a +0 ring mail (worn)
Scrolls
 a - a scroll of fog {unknown}
 d - a scroll of noise {unknown}
Potions
 c - a potion of flight {unknown}


   Skills:
 * Level 3.6 Fighting
 + Level 0.3 Armour
 + Level 2.8 Dodging
 - Level 2.1 Stealth
 * Level 3.5 Unarmed Combat
 * Level 1.1 Invocations


You had one spell level left.
You didn't know any spells.
Your spell library was empty.

Dungeon Overview and Level Annotations

Branches:
Dungeon (1/15)

Altars:
Vehumet


Innate Abilities, Weirdness & Mutations

You thrive by killing the living.
You are immune to poison.
You have sharp fingernails.
Your flesh is cold resistant. (rC+)
You are immune to negative energy. (rN+++)
You do not regenerate when monsters are visible.
You are immune to unholy pain and torment.


Message History

No target in view!
No target in view!
No target in view!
No target in view!
No target in view!
No target in view!
No target in view!
No target in view!
No target in view!
No target in view!
No target in view!
No target in view!
No target in view!
No target in view!
No target in view!
No target in view!
No target in view!
No target in view!
No target in view!
No target in view!
No target in view!
No target in view!
No target in view!
You see here a jackal corpse.
There is a faded altar of an unknown god here.
You cannot tell which god this altar belongs to.
Convert to them anyway?
Vehumet accepts your prayer! Vehumet welcomes you!
You can now gain magical power from killing.
Vehumet offers you knowledge of Shock.
(D) Dungeon
Where to? (? - help)
What level of the Dungeon? (default 1, ? - help)
There is an open door here.
There is an open door here.
You open the door.
There is an open door here.
There is a staircase leading out of the dungeon here.
Are you sure you want to leave the Dungeon?
This will make you lose the game!
You have escaped!

#..†....##
###.######## #...#
###'### #..##
###'#+###
#..##...#
###'#+#'#.###
#@..#..##...######
###'#'#+#.........
#..##...........
###'#+#.........
#..##.........
###'#.......†.
#...##......
###.....####
#.....# #


There were no monsters in sight!

Vanquished Creatures
  A dart slug (D:1)
  2 endoplasms (D:1)
  A giant cockroach (D:1)
  7 jackals (D:1)
  2 ball pythons (D:1)
  A goblin (D:1)
  A rat (D:1)
15 creatures vanquished.

Vanquished Creatures (others)
  A fungus (D:1)
  4 toadstools (D:1)
5 creatures vanquished.

Grand Total: 20 creatures vanquished

Notes
Turn   | Place    | Note
-------+----------+-------------------------------------------
     0 | D:1      | HallandMoats the Ghoul Monk began the quest for the Orb.
     0 | D:1      | Reached XP level 1. HP: 19/19 MP: 0/0
   201 | D:1      | Reached XP level 2. HP: 26/26 MP: 1/1
   295 | D:1      | Reached skill level 1 in Invocations
   409 | D:1      | Found a faded altar of an unknown god.
   426 | D:1      | Prayed at the altar of an unknown god.
   426 | D:1      | Became a worshipper of Vehumet
   426 | D:1      | Reached * piety under Vehumet
   426 | D:1      | Offered knowledge of Shock by Vehumet.
   426 | D:1      | Reached ** piety under Vehumet
   448 | D:$      | Safely got out of the dungeon.

Illustrated notes

Levels and vault maps discovered:
D:1:      erik_arrival_triangle_medium, layout_basic,
          hellmonk_ecumenical_altar_dog_temple, minmay_gold_behind_fungi

Skill      XL: |  1  2 |
---------------+-------+-----
Invocations    | 1 |  1.1
Fighting       | |  3.6
Armour         | |  0.3
Dodging        | |  2.8
Stealth        | |  2.1
Unarmed Combat | |  3.5

Action                   || total
-------------------------++-------
Melee: Unarmed           ||    53
       Punch             ||     1
Armor: Robe              ||     6
       Ring mail         ||    13
Dodge: Dodged            ||    36

Table legend: (Time is in decaauts)
 A = Elapsed time spent in this place.
 B = Non-inter-level travel time spent in this place.
 C = Inter-level travel time spent in this place.
 D = Time resting spent in this place.
 E = Time spent auto-exploring this place.
 F = Levels seen in this place.
 G = Mean time per level.
                   A        B        C        D        E       F      G
               +--------+--------+--------+--------+--------+-----+--------+
         Total |    444 |    424 |     20 |      0 |    284 |   1 |  444.0 |
       Dungeon |    444 |    424 |     20 |      0 |    284 |   1 |  444.0 |
               +--------+--------+--------+--------+--------+-----+--------+

Top non-repeatable levels by time:
     D:1: 444 daAuts
